[Event "*** Titled Tuesday 3|2 Blitz"]
[Site "Chess.com"]
[Date "2016.10.04"]
[Round "4"]
[White "Rumpel-VK"]
[Black "hansen"]
[Result "1-0"]
[WhiteElo "2466"]
[BlackElo "2622"]
[TimeControl "180+2"]
[EndTime "11:51:18 PDT"]
[Termination "Rumpel-VK won on time"]

1. e4 e5 2. Nf3 Nc6 3. Be2 Nf6 4. d3 d5 5. Nbd2 Bd6 6. O-O Kf8 7. exd5 Nxd5 8.
Nc4 Nb6 9. Nxd6 cxd6 10. b4 Nxb4 11. Nxe5 dxe5 12. Ba3 f6 13. Bxb4+ Kf7 14. Bf3 Re8 15. a4 Nd5 16. Bd2 Be6 17. c4 Ne7 18. Bxb7 Rb8 19.
Be4 f5 20. Bf3 Qxd3 21. c5 Red8 22. Ba5 Qxd1 23. Rfxd1 Rxd1+ 24. Rxd1 e4 25. Be2 Bb3 26. Rb1 Nc6 27. Bc7 Rc8 28. Bd6 Nd4 29. Rxb3 Nxe2+ 30. Kf1 Nd4 31. Rb7+ Kf6 32. Rxa7 Nb3 33. Ra6 Ke6 34.
Bf8+ Kd5 35. Rd6+ Kc4 36. Bxg7 Rxc5 37. g3 Ra5 38. Rc6+ Kd5 39. Rf6 Kc4 40. Bh6 Nd4 41.
Be3 Nf3 42. Kg2 Kd3 43. Bb6 Rxa4 44. Rxf5 Ra1 45. h4 Rb1 46. Be3 Ke2 47. Kh3 Rb4 48.
Kg4 Kf1 49. Kf4 Kg2 50. Rf7 h5 51. Rf5 Ne1 52. Rxh5 Nd3+ 53. Kg4 Nxf2+ 54. Bxf2 Kxf2 55. Rf5+ Ke2 56. h5 e3+ 57. Kg5 Kd3 58. Rf3 Ke4 59.
Rf4+ 1-0

[Event "*** Titled Tuesday 3|2 Blitz"]
[Site "Chess.com"]
[Date "2016.10.04"]
[Round "4"]
[White "LornerAcosta"]
[Black "hypert"]
[Result "0-1"]
[WhiteElo "2330"]
[BlackElo "2298"]
[TimeControl "180+2"]
[EndTime "11:51:24 PDT"]
[Termination "hypert won by resignation"]

1. d4 Nf6 2. Nf3 e6 3. Bg5 d5 4.
e3 c5 5. c3 Nbd7 6. Nbd2 Bd6 7. Bd3 O-O 8. O-O h6 9. Bh4 Qc7 10. Bxf6 Nxf6 11. dxc5 Bxc5 12. e4 dxe4 13. Nxe4 Nxe4 14.
Bxe4 Bd7 15. Qe2 a6 16. Rfd1 Rab8 17. Ne5 Be8 18. Rd3 Bd6 19. Rxd6 Qxd6 20. Rd1 Qc7 21. Bc2 Rd8 22. Re1 f5 23. h3 b5 24. a3 Rd6 25.
Qe3 Bc6 26. Bb3 Bd5 27. Bc2 Rfd8 28. Nd3 Be4 29. Nb4 Bxc2 30. Nxc2 Re8 31. Nd4 Qf7 32. Nf3 Rd5 33. Qb6 e5 34. Qxa6 e4 35. Nd4 f4 36.
a4 bxa4 37. Qxa4 e3 38. fxe3 fxe3 39. Qc2 Rde5 40. Re2 Rf8 41. Nf3 Re7 42. c4 Rc8 43.
b3 Qf6 44. Qd3 Rce8 45. Qd5+ Kh8 46. Qd3 Qa1+ 47. Kh2 Qa7 48. Nh4 Rd7 49. Qc3 Qd4 50. Ng6+ Kg8 51. Qc2 Qd3 52. Qxd3 Rxd3 53. Kg3 Rxb3 54.
Nf4 Rc3 55. Kf3 Rf8 56. Rxe3 Rxc4 57. Re4 Rxe4 58. Kxe4 g5 59. Nh5 Kh7 60. g4 Kg6 61. Ng3 Rf2 62. Nf5 Rh2 63. h4 gxh4 64. Kf4 Rh1 65. Kf3 Kg5 66. Ne3 Ra1 67. Kg2 Ra2+ 68. Kh1 Kf4 69. Nf5 Kxg4 70. Nxh6+ Kh3 71. Kg1 Ra1+ 72.
Kf2 Ra4 73. Ng8 Kh2 74. Ne7 Rf4+ 75. Ke3 Rf7 76. Ng6 h3 77. Nf4 Rxf4 78. Kxf4 Kg2 0-1

[Event "*** Titled Tuesday 3|2 Blitz"]
[Site "Chess.com"]
[Date "2016.10.04"]
[Round "4"]
[White "Iuri_Shkuro"]
[Black "Lukianoo"]
[Result "1/2-1/2"]
[WhiteElo "2522"]
[BlackElo "2732"]
[TimeControl "180+2"]
[EndTime "11:51:33 PDT"]
[Termination "Game drawn by repetition"]

1. e4 c6 2. d4 d5 3. e5 c5 4. c4 cxd4 5. Nf3 Nc6 6. Nxd4 dxc4 7. Nxc6 Qxd1+ 8. Kxd1 bxc6 9. Bxc4 Bf5 10. Nc3 e6 11.
Ke2 Bb4 12. Bd2 Ne7 13. Rac1 Rd8 14. f3 Ng6 15. Be3 Nxe5 16. Ba6 O-O 17. Rhd1 Rxd1 18. Rxd1 Rb8 19. Ne4 Ba5 20. b3 f6 21. Nc5 Bb6 22.
h3 Bg6 23. f4 Bh5+ 24. g4 Nxg4 25. hxg4 Bxg4+ 26. Ke1 Bxd1 27. Kxd1 Kf7 28. Ke2 Ke7 29. Bc4 e5 30. fxe5 fxe5 31. Bg5+ Kd6 32. Ne4+ Kd7 33.
Kf3 Rf8+ 34. Kg4 Bd4 35. Bd2 Kc7 36. Ba5+ Kc8 37. Bd2 Kb7 38. Nd6+ Kb6 39. Ne4 g6 40. a4 Rf5 41. a5+ Kc7 42. a6 h5+ 43. Kg3 Kb6 44.
Bd3 Rf8 45. Bc4 Rd8 46. Bg5 Rf8 47. Nf6 Kc7 48. Ne4 Rf5 49. Bd2 Rf8 50. Bg5 Bg1 51. Bd2 Rd8 52. Ba5+ Bb6 53. Bc3 Bd4 54. Ba5+ Bb6 55.
Bc3 Re8 56. Bf7 Re7 57. Bxg6 Bd4 58. Ba5+ Bb6 59. Bc3 Bd4 60. Ba5+ Bb6 61. Bc3 Bd4 62. Ba5+ Bb6 63. Bc3 Bd4 64. Ba5+ Bb6 65. Bc3 1/2-1/2

[Event "*** Titled Tuesday 3|2 Blitz"]
[Site "Chess.com"]
[Date "2016.10.04"]
[Round "4"]
[White "mwpchess"]
[Black "Oleksandr_Bortnyk"]
[Result "0-1"]
[WhiteElo "2464"]
[BlackElo "2731"]
[TimeControl "180+2"]
[EndTime "11:51:34 PDT"]
[Termination "Oleksandr_Bortnyk won on time"]

1. e4 g6 2. d4 Bg7 3. c3 d6 4.
Nf3 Nf6 5. Bd3 O-O 6. O-O Nc6 7. d5 Ne5 8. Nxe5 dxe5 9. c4 c6 10. Nc3 e6 11. dxc6 bxc6 12. Be3 Qa5 13. f3 Rd8 14. Qc2 Bf8 15. Rfd1 Bc5 16. Bxc5 Qxc5+ 17. Qf2 Qxf2+ 18.
Kxf2 Rb8 19. Na4 Rd4 20. b3 Nd7 21. Bc2 Ba6 22. Ke3 c5 23. g3 Kf8 24. f4 f6 25.
Nc3 Ke7 26. Ne2 Rxd1 27. Rxd1 Bb7 28. Nc3 Bc6 29. h4 h6 30. Rh1 Rg8 31. Rh2 g5 32. hxg5 hxg5 33. Rh7+ Kd6 34. f5 a5 35. fxe6 Kxe6 36.
Nd5 Kd6 37. Bd1 a4 38. Kd3 Bxd5 39. cxd5 c4+ 40. bxc4 Rb8 41. Rf7 Rb2 42. Bg4 Nc5+ 43. Ke3 Rxa2 44. Rxf6+ Ke7 45. Rc6 Ra3+ 46. Ke2 Nxe4 47.
Re6+ Kf7 48. Rxe5 Ra2+ 49. Ke3 Nd6 50. Be2 a3 51. Kd4 Rd2+ 52. Bd3 Rd1 53. Re2 Nf5+ 54. Kc3 Nxg3 55. Rg2 g4 56. c5 Nh5 57. Ra2 Nf4 58.
Bc4 g3 59. d6+ Kf6 60. Bb3 Rc1+ 61. Kd4 g2 0-1

[Event "*** Titled Tuesday 3|2 Blitz"]
[Site "Chess.com"]
[Date "2016.10.04"]
[Round "4"]
[White "David_Klein"]
[Black "underdogchss"]
[Result "1-0"]
[WhiteElo "2394"]
[BlackElo "2387"]
[TimeControl "180+2"]
[EndTime "11:51:37 PDT"]
[Termination "David_Klein won on time"]

1. e4 e5 2. Nf3 Nc6 3. Bb5 a6 4. Ba4 Nf6 5. d3 d6 6. c3 g6 7. Nbd2 Bg7 8. Nf1 O-O 9. Bg5 d5 10. Qe2 Qd6 11. Bxf6 Bxf6 12. Ne3 Ne7 13. Bb3 c6 14. h3 Bg7 15. O-O-O b5 16. Kb1 a5 17. a3 b4 18. axb4 axb4 19. c4 d4 20. c5 Qxc5 21.
Nc4 Be6 22. Nfd2 f5 23. f3 f4 24. Na5 Bxb3 25. Naxb3 Qa7 26. Nc4 Kh8 27. Kc2 Qc7 28. Ra1 Nd5 29. exd5 cxd5 30. Nd2 b3+ 31. Kxb3 Rab8+ 32.
Kc2 dxc4 33. Nxc4 Qb7 34. Ra3 Rfe8 35. Qe4 Qb5 36. Rha1 Rec8 37. b3 Bf8 38. Ra4 Qxb3+ 39. Kd2 Bb4+ 40. Ke2 Qc2+ 41. Kf1 Re8 42. R4a2 Qb3 43.
Rb2 Qc3 44. Rab1 Bd6 45. Nxd6 Rxb2 46. Rxb2 Qc1+ 47. Qe1 Qxb2 48. Nxe8 Qb5 49. Nf6 Qxd3+ 50. Qe2 Qb1+ 51. Kf2 d3 52. Qd2 Qc2 53. Ne4 Kg7 54. Ke1 Qb1+ 55. Qd1 Qb4+ 56. Nd2 Qd4 57. Nf1 Qc3+ 58.
Qd2 Qd4 59. Qa5 Kh6 60. h4 e4 61. Qg5+ Kg7 62. Qe7+ Kh6 63. Qf8+ Kh5 64. Qxf4 Qc3+ 65.
Kf2 Qb2+ 66. Kg3 1-0

[Event "*** Titled Tuesday 3|2 Blitz"]
[Site "Chess.com"]
[Date "2016.10.04"]
[Round "4"]
[White "LyonBeast"]
[Black "jncool68"]
[Result "1-0"]
[WhiteElo "2729"]
[BlackElo "2448"]
[TimeControl "180+2"]
[EndTime "11:51:41 PDT"]
[Termination "LyonBeast won by resignation"]

1. d4 Nf6 2. c4 e6 3. Nc3 Bb4 4. e3 O-O 5. Ne2 Re8 6. a3 Bf8 7.
e4 d5 8. e5 Nfd7 9. c5 a5 10.
Rb1 b6 11. b4 axb4 12. axb4 bxc5 13. bxc5 Ba6 14. Nf4 Nc6 15. Bxa6 Rxa6 16. O-O Qa8 17. Be3 Rb8 18. Rxb8 Qxb8 19. Qg4 Qb4 20. Ncxd5 exd5 21. Nxd5 Qb2 22. Qxd7 Ra1 23. Qxc6 Rxf1+ 24. Kxf1 Qb1+ 25. Ke2 Qc2+ 26. Ke1 Qb1+ 27. Kd2 Qb2+ 28. Kd3 Qb1+ 29. Kc4 Qa2+ 30. Kb5 Qe2+ 31. Ka5 Qa2+ 32. Qa4 Qxd5 33. f3 h6 34. Kb4 Be7 35. Kc3 Kh7 36. Qc2+ Kg8 37.
Qb3 Qa8 38. Kb2 Qa5 39. e6 fxe6 40. Qxe6+ Kf8 41. Qc8+ Kf7 42. Qf5+ Kg8 43. Qd3 Bf6 44. Kb3 Qa8 45. Qc4+ Kh8 46. Bd2 Qa1 47. Bc3 Qb1+ 48. Ka4 c6 49. Qb3 Qd3 50. Kb4 Bxd4 51. Bxd4 Qxd4+ 52. Qc4 Qb2+ 53. Ka5 Qxg2 54. Qe4 Qxh2 55. Kb6 Qb8+ 56.
Kxc6 h5 57. Kd7 Qa7+ 58. Kd6 Qb8+ 59. Kd5 Qb7+ 60. c6 Qb5+ 61. Kd6 Qb6 62. Qe8+ Kh7 63. Qxh5+ Kg8 64. Qd5+ Kh7 65. Kd7 Qa7+ 66. c7 Qa4+ 67. Kd8 Qh4+ 68. Kc8 Qf6 69. Kd7 1-0

[Event "*** Titled Tuesday 3|2 Blitz"]
[Site "Chess.com"]
[Date "2016.10.04"]
[Round "4"]
[White "bugsbunny444"]
[Black "GMKrikor"]
[Result "1/2-1/2"]
[WhiteElo "2337"]
[BlackElo "2565"]
[TimeControl "180+2"]
[EndTime "11:51:41 PDT"]
[Termination "Game drawn by agreement"]

1. Nf3 d5 2. c4 e6 3. g3 Nf6 4.
Bg2 Be7 5. O-O O-O 6. b3 b6 7. Bb2 c5 8. e3 Ba6 9. Qe2 Nc6 10. Nc3 Rc8 11. Nb5 Qd7 12. Rfd1 Rfd8 13. Rac1 h6 14.
d4 cxd4 15. Nfxd4 Nxd4 16. Bxd4 Bxb5 17. cxb5 Rxc1 18. Rxc1 Rc8 19. Rxc8+ Qxc8 20. Bxf6 Bxf6 21. e4 dxe4 22. Bxe4 g6 23. Qc4 Qd7 24. Qd3 Bd4 25. Kg2 Kg7 26. h4 h5 27. Bc6 Qd6 28. Qf3 Qc5 29. Be8 Qe7 30. Bc6 Bc5 31. Qd3 Qf6 32. Qf3 Qd8 33. a4 Qd2 34. Be8 Qd5 35. Qxd5 exd5 36.
Bc6 d4 37. Be4 Kf6 38. Bd3 Bb4 39. Kf3 Bc3 40. Bc4 Kg7 41. Ke2 f6 42. Bd3 g5 43.
Kf3 Be1 44. Kg2 Kf7 45. Be2 Kg6 46. Bd3+ Kg7 47. Kf1 Bb4 48. Be2 Kh6 49. Bd3 Bd6 50.
Kg2 Kg7 51. Be2 Kh6 52. Bd3 g4 53. Bf5 Kg7 54. f3 gxf3+ 55. Kxf3 Be5 56. Bd3 Kf7 57. Be2 f5 58. Bd3 Kf6 59. Bc4 Bd6 60. Bd3 Bb4 61.
Bc4 Bd2 62. Bd3 Ke5 63. Be2 Be1 64. Bd3 Bd2 65. Bc2 f4 66. gxf4+ Bxf4 67. Bg6 Bh6 68. Ke2 Kf4 69. Bxh5 Kg3 70. Kd3 Bg7 71. Bf7 Kxh4 72.
Bd5 Kg3 73. Bc4 Kf2 74. Bd5 Ke1 75. Bc4 Kd1 76. Bd5 Kc1 77. Be6 Kb2 78. Bf7 Ka3 79. Bg8 Kb4 80. Bf7 Kc5 81. Bg8 1/2-1/2

[Event "*** Titled Tuesday 3|2 Blitz"]
[Site "Chess.com"]
[Date "2016.10.04"]
[Round "4"]
[White "Peroncio"]
[Black "Iball95"]
[Result "1-0"]
[WhiteElo "2420"]
[BlackElo "2513"]
[TimeControl "180+2"]
[EndTime "11:51:55 PDT"]
[Termination "Peroncio won by resignation"]

1. Nf3 c5 2. g3 Nc6 3. Bg2 g6 4. O-O Bg7 5. d3 Nf6 6. e4 O-O 7. Nc3 d5 8. h3 e6 9. Re1 b6 10. Bg5 d4 11. e5 dxc3 12. bxc3 Bb7 13. exf6 Bxf6 14. Bxf6 Qxf6 15. Qd2 Rad8 16. Ng5 Qe7 17. h4 h5 18. Qf4 e5 19. Bxc6 Bxc6 20. Rxe5 Qd6 21. Ne4 Bxe4 22. Qxe4 Rd7 23. a4 Kg7 24. a5 Rfd8 25. axb6 axb6 26. Rb1 Qf6 27. c4 Rd4 28. Qe3 Rg4 29. Re4 Qxh4 30. Rxg4 Qxg4 31. Rxb6 Qd1+ 32. Kg2 Qxc2 33. Qe5+ Kg8 34. Rd6 Rc8 35. Rd7 Qb1 36. Qd5 Rf8 37. Qxc5 Qd1 38.
Qd4 Qa4 39. c5 Qa8+ 40. Qd5 Qa4 41. c6 h4 42. c7 hxg3 43. Rd8 Qc2 44. Rxf8+ Kxf8 45. Qd6+ Kg7 46. Qxg3 Qc6+ 47. Kg1 Qc1+ 48. Kg2 Qc6+ 49.
Kh2 f5 50. Qe5+ Kh6 51. Qf4+ Kg7 52. Qe5+ Kf7 53. d4 Qf3 54. Qg3 Qc6 55. d5 Qc5 56. d6 Ke6 57. Qxg6+ Kd7 58. Qg3 Qc4 59.
Kg2 Qe4+ 60. Qf3 Qc2 61. Qf4 Qc6+ 62. Kh2 Qc2 63. Kg3 Qc3+ 64. f3 Qg7+ 65. Kh2 Qh8+ 66. Kg3 Qg7+ 67. Kh3 Qh8+ 68. Qh4 Qe8 69. Qe7+ Qxe7 70.
dxe7 1-0

[Event "*** Titled Tuesday 3|2 Blitz"]
[Site "Chess.com"]
[Date "2016.10.04"]
[Round "4"]
[White "oskariot"]
[Black "ilya261991"]
[Result "1/2-1/2"]
[WhiteElo "2374"]
[BlackElo "2480"]
[TimeControl "180+2"]
[EndTime "11:52:08 PDT"]
[Termination "Game drawn - insufficient material"]

1. e4 c5 2. Nf3 d6 3. d4 Nf6 4. Nc3 cxd4 5. Nxd4 a6 6. f4 Qc7 7. a4 e5 8. Nf3 Nbd7 9. Bd3 Be7 10. O-O O-O 11.
Qe1 b6 12. fxe5 Nxe5 13. Nxe5 dxe5 14. Bg5 Be6 15. Bxf6 Bxf6 16. Rxf6 gxf6 17. Nd5 Bxd5 18. exd5 Rfd8 19. Qh4 Qc5+ 20. Kh1 Qxd5 21. Qxh7+ Kf8 22. Rf1 Ke7 23. Be4 Qc4 24. Qf5 Qe6 25. Qxe6+ fxe6 26. Bxa8 Rxa8 27. Rd1 Rc8 28. Rd2 Rc4 29. b3 Rc3 30.
Kg1 e4 31. g3 f5 32. Kf1 e5 33. Re2 Kf6 34. g4 fxg4 35. Rxe4 Rxc2 36. Rxg4 Rxh2 37.
Rb4 b5 38. axb5 axb5 39. Rxb5 Kf5 40. Rb8 Rb2 41. Rh8 Rxb3 42. Ke2 Ke4 43. Rh4+ Kd5 44. Rh8 e4 45. Rh7 Rb2+ 46. Ke1 Kd4 47. Rh3 Ra2 48. Rg3 Rb2 49. Ra3 Rg2 50. Rb3 Rh2 51.
Ra3 Ke5 52. Rb3 Kf4 53. Ra3 Rh8 54. Rb3 Rf8 55. Ra3 Ke5 56. Rb3 Kd4 57. Ra3 Rb8 58. Rh3 Rb1+ 59. Ke2 Rb2+ 60. Ke1 Ra2 61. Rg3 Ke5 62.
Rb3 Kf4 63. Rc3 Rg2 64. Rb3 Rg5 65.
Ra3 Rf5 66. Rb3 Rd5 67. Ra3 Rb5 68. Rc3 Ke5 69. Rh3 Kd4 70. Rg3 Ra5 71. Rh3 Ra1+ 72. Ke2 Ra2+ 73. Ke1 e3 74. Rh8 Ra1+ 75. Ke2 Ra2+ 76.
Ke1 Rg2 77. Rd8+ Ke4 78. Re8+ Kd3 79. Rd8+ Ke4 80. Re8+ Kf4 81. Rf8+ Ke4 82. Re8+ Kd3 83. Rd8+ Kc3 84. Rc8+ Kb2 85. Rb8+ Kc2 86. Rc8+ Kb1 87.
Re8 e2 88. Rxe2 Rxe2+ 89. Kxe2 1/2-1/2

[Event "*** Titled Tuesday 3|2 Blitz"]
[Site "Chess.com"]
[Date "2016.10.04"]
[Round "4"]
[White "pKiLz5Rn9b"]
[Black "Gordima"]
[Result "1-0"]
[WhiteElo "2493"]
[BlackElo "2547"]
[TimeControl "180+2"]
[EndTime "11:52:34 PDT"]
[Termination "pKiLz5Rn9b won on time"]

1. e4 c5 2. c3 Nf6 3. e5 Nd5 4. Nf3 d6 5. d4 cxd4 6. Bc4 Nb6 7. Bb3 e6 8. cxd4 Nc6 9. exd6 Bxd6 10. Nc3 Ne7 11.
O-O O-O 12. Re1 Bd7 13. Ne5 Nbd5 14. Qf3 Bc6 15. Nxc6 bxc6 16. Bg5 Qc7 17. g3 Rab8 18. Rac1 Qd7 19. Ne4 Bb4 20. Red1 Nf5 21. Nc5 Qd6 22. Ne4 Qd7 23. Ba4 Rfc8 24. b3 Ba3 25. Rc2 Nb6 26.
Bxc6 Nxd4 27. Nf6+ gxf6 28. Rxd4 Qxd4 29. Bxf6 Qb4 30.
Rc4 Qe1+ 31. Kg2 Rxc6 32. Qg4+ Kf8 33. Rxc6 Qd2 34. Rc7 Qd5+ 35. f3 Nd7 36. Bc3 Ke8 37. Rxa7 Bf8 38. Qa4 Rc8 39. Ra5 Qd3 40. Bb4 Bxb4 41.
Qxb4 Qe2+ 42. Kh3 Qxf3 43. Rg5 Qf1+ 44. Kh4 Nf8 45. Rg8 Qf6+ 46. Kh3 Qe7 47. Qb5+ Kd8 48. Qb6+ Kd7 49. Rg4 e5 50. Qb7+ Rc7 51. Qd5+ Ke8 52. Qa8+ Qd8 53. Qa4+ Qd7 54. Qe4 h5 55. Qxe5+ Qe6 56.
Qxh5 Rd7 57. Qb5 Ng6 58. Qb8+ Rd8 59. Qb5+ Kf8 60. Qb4+ Kg8 61. Qe4 Qxe4 62. Rxe4 Rd2 63. a4 Rb2 64. Rb4 Ra2 65. Rb5 f6 66. a5 Ne5 67. b4 Nf3 68. Kg4 Nxh2+ 69. Kf5 Rf2+ 70. Ke6 Ng4 71. a6 Re2+ 72. Kd6 Ne5 73. a7 Rd2+ 74. Ke6 Ra2 75. Rb8+ Kg7 76. a8=Q 1-0

[Event "*** Titled Tuesday 3|2 Blitz"]
[Site "Chess.com"]
[Date "2016.10.04"]
[Round "4"]
[White "LonesomeGeorge1"]
[Black "stuffings101"]
[Result "1-0"]
[WhiteElo "2182"]
[BlackElo "2133"]
[TimeControl "180+2"]
[EndTime "11:52:49 PDT"]
[Termination "LonesomeGeorge1 won by resignation"]

1. e4 d6 2. d4 Nf6 3. Nc3 g6 4. Be3 a6 5. a4 Bg7 6. Qd2 O-O 7. Bh6 Nc6 8. Nf3 Bg4 9. Be2 e5 10.
Bxg7 Kxg7 11. dxe5 dxe5 12. Qxd8 Raxd8 13. h3 Bxf3 14. Bxf3 Nd4 15. Bd1 c6 16. f3 Nh5 17.
Ne2 Nxe2 18. Bxe2 Nf4 19. g3 Ne6 20. Bd3 Nc5 21. Ke2 Rd4 22. a5 Rfd8 23. Ra3 Rb4 24. Rb1 Rbd4 25. b4 Ne6 26. Ke3 h5 27. h4 g5 28.
hxg5 Nxg5 29. Rh1 Kg6 30. Rb3 Ne6 31. Rbb1 Ng7 32. Kd2 f5 33. Kc3 fxe4 34. Bxe4+ Kg5 35. Rbf1 Kf6 36. Bd3 Ke7 37. Re1 Kf6 38. Rhf1 Ne6 39. Rh1 Ng7 40. Rh2 R4d6 41. f4 exf4 42. gxf4 Rd4 43.
Rf1 R4d6 44. Rg2 Kf7 45. Rfg1 Ne6 46. Bg6+ Kf6 47. f5 Nf4 48. Rf2 Nd5+ 49. Kb3 h4 50.
Bh5 Ne7 51. Rg4 Rd4 52. c3 Rxg4 53. Bxg4 Rd3 54. Kc4 Rg3 55. Bh5 Nd5 56. Bf3 h3 57.
Bxd5 cxd5+ 58. Kxd5 Rg2 59. Rf3 h2 60. Rh3 Kxf5 61.
Kc5 Kg4 62. Rh7 Rc2 63. Kb6 Kg3 64. Kxb7 Rc1 65. Kxa6 Rxc3 66. b5 Rc1 67. b6 h1=Q 68. Rxh1 Rxh1 69. b7 Rb1 70. Ka7 Kf4 71. b8=Q+ Rxb8 72. Kxb8 1-0

[Event "*** Titled Tuesday 3|2 Blitz"]
[Site "Chess.com"]
[Date "2016.10.04"]
[Round "4"]
[White "TomsKantans"]
[Black "GeorgMeier"]
[Result "1/2-1/2"]
[WhiteElo "2469"]
[BlackElo "2709"]
[TimeControl "180+2"]
[EndTime "11:53:09 PDT"]
[Termination "Game drawn by agreement"]

1. e4 e6 2. c4 d5 3. cxd5 exd5 4.
exd5 Nf6 5. Nc3 Be7 6. Nf3 O-O 7.
d4 Nbd7 8. Bd3 Nb6 9. O-O Nbxd5 10. Re1 c6 11. h3 Be6 12. Bg5 Re8 13. Qd2 Rc8 14. Rad1 Rc7 15. Bb1 Nh5 16. Re5 g6 17. Rde1 Ng7 18. Bh6 Bf6 19. R5e2 Nxc3 20. bxc3 Rce7 21.
Ne5 Bc8 22. Ng4 Bxg4 23. hxg4 Rxe2 24. Rxe2 Rxe2 25. Qxe2 Ne6 26. Be3 Bg5 27. Bc2 Bxe3 28. Qxe3 Qg5 29. Qxg5 Nxg5 30. f3 Kf8 31. Kf2 Ke7 32.
Ke3 h6 33. Bb3 Ne6 34. g3 Nc7 35. Ke4 Ne8 36. Ke5 Nd6 37. Kf4 g5+ 38. Ke3 f5 39. gxf5 Nxf5+ 40. Kf2 h5 41. g4 Ng7 42. gxh5 Nxh5 43. Ke3 Nf6 44. a4 a5 45. Bc4 b6 46.
Kf2 Kd6 47. Ke3 Nd5+ 48. Kd3 Nf6 49. Ke3 Ke7 50. Kd3 Kd7 51. Ke3 Kd6 52. Kd3 Nd5 53. Ba6 Nf6 54. Bc4 Kd7 55. Ke3 Ke7 56. Kd3 Ne8 57.
Ke3 Nd6 58. Bd3 Ke6 59. c4 c5 60. d5+ Ke5 61. Bf1 Nf5+ 62. Kf2 Kf4 63. Bd3 Nd6 64. Ke2 Nf7 65. Kf2 Ne5 66. Be2 Nd7 67. Bd3 Nf6 68.
Ke2 g4 69. fxg4 Nxg4 70. Kd2 Ke5 71. Kc3 Kf4 72. Kd2 Nf6 73. Bg6 Ke5 74. Kc3 Ng4 75. Bh7 Ne3 76. Bg6 Ng2 77. Bh7 Nf4 78. Bb1 Nh5 79. Bh7 Nf6 80. Bg6 Kf4 81. Kd2 Ke5 82. Kc3 Kd6 83. Bf5 Ne8 84. Bg6 Nf6 85. Bf5 1/2-1/2

[Event "*** Titled Tuesday 3|2 Blitz"]
[Site "Chess.com"]
[Date "2016.10.04"]
[Round "4"]
[White "DavitZarkua"]
[Black "Holden-Caulfield"]
[Result "1/2-1/2"]
[WhiteElo "2517"]
[BlackElo "2481"]
[TimeControl "180+2"]
[EndTime "11:53:14 PDT"]
[Termination "Game drawn by agreement"]

1. e4 d6 2. d4 Nf6 3. Nc3 e5 4. Nf3 Nbd7 5. Bc4 Be7 6. O-O O-O 7. a4 a5 8. Qe2 c6 9. Rd1 Qc7 10. Bg5 exd4 11. Nxd4 Ne5 12. Ba2 Re8 13.
Re1 Bd7 14. Rad1 Rad8 15. h3 Bc8 16. f4 Ng6 17. Nf5 Bxf5 18. exf5 Nf8 19. Qf2 d5 20. g4 N8d7 21. Kg2 Bc5 22. Qh4 Be7 23. Re2 Bb4 24.
Rde1 Rxe2+ 25. Rxe2 Re8 26. Rxe8+ Nxe8 27. Qe1 Nef6 28.
Qe3 Qd6 29. Ne2 h6 30. Bh4 Bc5 31. Qb3 Qc7 32. g5 hxg5 33. fxg5 Ne4 34. c4 d4 35. Qd3 Qe5 36. f6 gxf6 37. Bb1 f5 38. Ng3 Bd6 39. Nxe4 fxe4 40. Qxe4 Qh2+ 41. Kf1 Qxh3+ 42. Ke1 Bg3+ 43. Bxg3 Qxg3+ 44. Kd1 Qg1+ 45. Ke2 Nf8 46. Qf5 Qe3+ 47. Kd1 b6 48. Bd3 c5 49. Kc2 Qe6 50. Qf4 Ng6 51. Qh2 Qe5 52. Qh6 Qe6 53. Kb3 Qd6 54. Kc2 Qe6 55.
Qh2 Qc6 56. Qb8+ Kg7 57. Qd8 Qxa4+ 58. b3 Qc6 59. Bf5 a4 60. bxa4 Qxa4+ 61. Kc1 Qc6 62. Bd3 Qh1+ 63. Kc2 Qg2+ 64. Kb3 Qc6 65. Kc2 Ne5 66. Bf5 Nxc4 67. Bd3 Ne5 68. Qe7 Nxd3 69.
Kxd3 Qg6+ 70. Kd2 Qe6 71. Qd8 Qe3+ 72. Kd1 Qe6 73. Kd2 b5 74. Kd3 Qb3+ 75. Ke4 Qe3+ 76. Kd5 Qe6+ 77. Kxc5 Qe5+ 78. Kb4 Kg6 79. Qg8+ Qg7 80.
Qd8 Qe5 81. Qg8+ Qg7 82. Qd8 Kh5 83. Qd5 Qxg5 84. Qxf7+ Kg4 85. Qd7+ Kf3 86. Qxd4 Ke2 87. Qc5 1/2-1/2

[Event "*** Titled Tuesday 3|2 Blitz"]
[Site "Chess.com"]
[Date "2016.10.04"]
[Round "4"]
[White "Spas_Kozhuharov"]
[Black "OparinGrigoriy"]
[Result "1/2-1/2"]
[WhiteElo "2478"]
[BlackElo "2586"]
[TimeControl "180+2"]
[EndTime "11:53:22 PDT"]
[Termination "Game drawn by repetition"]

1. d4 Nf6 2. c4 c5 3. d5 b5 4. cxb5 a6 5. bxa6 g6 6. Nc3 Bg7 7. e4 O-O 8. Nf3 Qa5 9. Bd2 Bxa6 10. Be2 Bxe2 11. Qxe2 d6 12. O-O Qa6 13. Rfe1 Qxe2 14.
Rxe2 Nfd7 15. Bf4 Bxc3 16. bxc3 Ra4 17. Bh6 Rc8 18. e5 Nf8 19. exd6 exd6 20. g3 Nbd7 21. Rae1 Rca8 22. Ng5 Ne5 23. Kg2 Rxa2 24. Ne4 Nfd7 25.
Nxd6 f6 26. h3 Rxe2 27. Rxe2 Ra6 28. Ne4 Kf7 29. Bf4 c4 30. Bxe5 Nxe5 31. Rb2 g5 32. f4 gxf4 33. gxf4 Nd3 34. Rb7+ Kg6 35. Kf3 Ra2 36. d6 Ne1+ 37. Ke3 Nc2+ 38. Kf3 Ne1+ 39. Ke3 Nc2+ 40. Kd2 Nd4+ 41. Kc1 Nb3+ 42. Kb1 Ra8 43. d7 Rd8 44. Kb2 Kf5 45. Nd6+ Ke6 46. Nxc4 Nc5 47. Rc7 Nxd7 48. Ne3 Rg8 49. f5+ Kd6 50. Ra7 Ne5 51.
Ra6+ Nc6 52. Ng4 Rg5 53. Nxf6 Rxf5 54. Ne4+ Kc7 55. Kb3 Rh5 56. Nf6 Rxh3 57. Nd5+ Kd7 58. Nf6+ Kd6 59. Ne4+ Kd5 60. Nf6+ Kc5 61. Nd7+ Kd6 62.
Nb8 Kc7 63. Nxc6 Rh6 64. Nb4 Rxa6 65. Nxa6+ Kd6 66. Nb4 h5 67. Nd3 h4 68. c4 h3 69.
Kb4 h2 70. Nf2 Ke5 71. c5 Kd4 72. c6 Ke3 73. Nh1 Kf3 74. c7 Kg2 75. c8=Q Kxh1 76.
Qh3 Kg1 77. Qg3+ Kh1 78. Qh4 Kg2 79. Qg4+ Kf2 80. Qf4+ Kg2 81. Qe4+ Kg1 82. Qg4+ Kf2 83. Qh3 Kg1 84. Qg3+ Kh1 85. Qf4 Kg2 86. Qe4+ Kg1 87. Qe3+ Kg2 88. Qe4+ Kg1 1/2-1/2

[Event "*** Titled Tuesday 3|2 Blitz"]
[Site "Chess.com"]
[Date "2016.10.04"]
[Round "5"]
[White "lexiel"]
[Black "Rating-Schmating"]
[Result "0-1"]
[WhiteElo "2189"]
[BlackElo "2209"]
[TimeControl "180+2"]
[EndTime "11:55:22 PDT"]
[Termination "Rating-Schmating won by resignation"]

1. d4 Nf6 2. Bf4 e6 3. Nf3 d5 4.
e3 c5 5. c3 Nc6 6. Nbd2 Bd6 7.
Bd3 Bxf4 8. exf4 cxd4 9. cxd4 Qb6 10. O-O Nxd4 11. Qa4+ Nc6 12. f5 e5 13. Rfe1 O-O 14.
Nxe5 Nxe5 15. Rxe5 Qxb2 0-1

[Event "*** Titled Tuesday 3|2 Blitz"]
[Site "Chess.com"]
[Date "2016.10.04"]
[Round "5"]
[White "Semetey"]
[Black "stefanodinn"]
[Result "1-0"]
[WhiteElo "2425"]
[BlackElo "2222"]
[TimeControl "180+2"]
[EndTime "11:55:36 PDT"]
[Termination "Semetey won by resignation"]

1. d4 Nf6 2. c4 e6 3. Nc3 Bb4 4. e3 b6 5. Ne2 Ba6 6. a3 Bxc3+ 7. Nxc3 d5 8. b3 Nc6 9. Be2 Na5 10. b4 Nxc4 11. Qa4+ 1-0

[Event "*** Titled Tuesday 3|2 Blitz"]
[Site "Chess.com"]
[Date "2016.10.04"]
[Round "5"]
[White "Drags95"]
[Black "GM_Levan_Pantsulaia"]
[Result "0-1"]
[WhiteElo "2378"]
[BlackElo "2490"]
[TimeControl "180+2"]
[EndTime "11:55:51 PDT"]
[Termination "GM_Levan_Pantsulaia won by resignation"]

1. d4 Nf6 2. c4 c5 3. d5 e6 4. Nc3 exd5 5. cxd5 d6 6. e4 g6 7. Nf3 Bg7 8. Nd2 a6 9. Be2 b5 10. a3 O-O 11. O-O Re8 12. Re1 Nbd7 13. Bf1 Bb7 14. h3 Qe7 15. Rb1 Nxd5 16. Nxd5 Bxd5 17. Nf3 Bb7 18. Bf4 Ne5 0-1

[Event "*** Titled Tuesday 3|2 Blitz"]
[Site "Chess.com"]
[Date "2016.10.04"]
[Round "5"]
[White "FLchessplayer"]
[Black "cstefan"]
[Result "0-1"]
[WhiteElo "2027"]
[BlackElo "2023"]
[TimeControl "180+2"]
[EndTime "11:57:46 PDT"]
[Termination "cstefan won by resignation"]

1. d4 Nf6 2. Nf3 e6 3. Bg5 c5 4.
c3 h6 5. Bh4 b6 6. Nbd2 Bb7 7.
e3 cxd4 8. exd4 Be7 9. Bd3 a6 10. O-O O-O 11. Re1 d6 12. Qe2 Nbd7 13. Rad1 b5 14. Bb1 Re8 15. Qd3 Nf8 16. Bg3 Qb6 17. Qe2 Rac8 18. a3 a5 19. Ne4 Nxe4 20. Bxe4 Bxe4 21.
Qxe4 b4 22. axb4 axb4 23. Rc1 bxc3 24. bxc3 d5 25. Qe3 Nd7 26. Rb1 Qa6 27. Rec1 Rc4 28. h3 Rec8 29. Rb3 Qc6 30. Ne5 Nxe5 31. Bxe5 Bd6 32.
Bxd6 Qxd6 33. Qd3 Qf4 34. Rcb1 g6 35. Rb8 Rxb8 36. Rxb8+ Qxb8 0-1

[Event "*** Titled Tuesday 3|2 Blitz"]
[Site "Chess.com"]
[Date "2016.10.04"]
[Round "5"]
[White "Spas_Kozhuharov"]
[Black "dretch"]
[Result "0-1"]
[WhiteElo "2473"]
[BlackElo "2633"]
[TimeControl "180+2"]
[EndTime "11:58:21 PDT"]
[Termination "dretch won by resignation"]

1. c4 c6 2. e4 d5 3. exd5 cxd5 4. cxd5 Nf6 5. Qa4+ Nbd7 6. Nc3 g6 7. Bc4 Bg7 8.
Nf3 O-O 9. d3 Nb6 10. Qb3 Bg4 11. Ne5 Bf5 12. O-O Ne8 13. Re1 Nd6 14. Bf4 Rc8 15.
h3 Bxe5 16. Bxe5 Ndxc4 17. dxc4 Nxc4 18. Qxb7 Nxe5 19. Rxe5 Rc7 20. Qb4 Qb8 21. Qxb8 Rxb8 22. Re2 Rb4 23. Rd1 Rcb7 24. g4 Bd7 25. b3 Kf8 26.
Ne4 Bb5 27. Rc2 Rxe4 0-1